 Dungeon Crawl Stone Soup version 0.31.0-32-g396128a36d (webtiles) character file.

Game seed: 9386356598177368642

89 Peloso the Covered (level 4, -2/40 HPs)
             Began as a Minotaur Fighter on Apr 16, 2024.
             Slain by Sigmund
             ... wielding a +0 scythe of flaming
              (4 damage)
             ... on level 2 of the Dungeon.
             The game lasted 00:02:14 (1228 turns).

Peloso the Covered (Minotaur Fighter)               Turns: 1228, Time: 00:02:14

Health: -2/40      AC:  9    Str: 20    XL:     4   Next: 31%
Magic:  3/3        EV: 23    Int:  5    God:
Gold:   115        SH:  7    Dex: 12    Spells: 3/3 levels left

rFire   . . .        a - +0 long sword
rCold   . . .        d - +2 buckler
rNeg    . . .        n - +0 chain mail
rPois   .            (helmet restricted)
rElec   .            (no cloak)
rCorr   .            (no gloves)
SInv    .            (no boots)
Will    .....        i - amulet of the acrobat Stlth
                     (no ring)
HPRegen 0.26/turn    (no ring)
MPRegen 0.08/turn

%: acrobat
@: acrobatic
A: horns 2, retaliatory headbutt
a: no special abilities


You were on level 2 of the Dungeon.
You visited 1 branch of the dungeon, and saw 2 of its levels.

You collected 115 gold pieces.

Inventory:

Hand Weapons
 a - a +0 long sword (weapon)
Armour
 b - a +0 scale mail
 c - a +0 buckler
 d - a +2 buckler (worn)
 n - a +0 chain mail (worn)
Jewellery
 i - an amulet of the acrobat (around neck)
 q - an amulet of guardian spirit
Scrolls
 e - a scroll of brand weapon {unknown}
 g - a scroll of enchant weapon {unknown}
 j - a scroll of identify {unknown}
 p - a scroll of amnesia {unknown}
 r - a scroll of fear {unknown}
Potions
 h - a potion of mutation {unknown}
 k - a potion of curing {unknown}
 l - a potion of cancellation {unknown}
 m - a potion of might
 o - a potion of brilliance {unknown}


   Skills:
 + Level 4.2 Fighting
 + Level 3.4 Long Blades
 + Level 4.7 Armour
 + Level 0.6 Dodging
 + Level 4.1 Shields


You had 3 spell levels left.
You didn't know any spells.
Your spell library was empty.

Dungeon Overview and Level Annotations

Branches:
Dungeon (2/15)

Altars:

Annotations:
D:2 Sigmund


Innate Abilities, Weirdness & Mutations

You have a pair of horns on your head.
You reflexively headbutt those who attack you in melee.


Message History

You bump into the rock wall.
Sigmund barely misses you.
You closely miss Sigmund.
Sigmund is severely wounded.
You closely miss Sigmund. Your headbutt misses Sigmund.
Sigmund is severely wounded.
Sigmund casts a spell at you. You resist with some effort.
Sigmund hits you with a +0 scythe of flaming!
* * * LOW HITPOINT WARNING * * *
Sigmund burns you.
* * * LOW HITPOINT WARNING * * *
It was a potion of heal wounds.
You feel much better.
You barely miss Sigmund.
Sigmund is severely wounded.
Sigmund hits you but does no damage.
You bump into the rock wall.
Sigmund hits you with a +0 scythe of flaming.
Sigmund burns you.
You bump into the rock wall.
You bump into the rock wall.
Sigmund hits you with a +0 scythe of flaming.
Sigmund burns you.
You bump into the rock wall.
Sigmund closely misses you.
You bump into the rock wall.
You barely miss Sigmund.
Sigmund is severely wounded.
Sigmund hits you with a +0 scythe of flaming!
Sigmund burns you.
You bump into the rock wall.
Sigmund gestures at you while chanting. The puff of flame hits you!
* * * LOW HITPOINT WARNING * * *
Sigmund barely misses you.
You bump into the rock wall.
You feel less confused.
Sigmund mumbles some strange words.
Sigmund flickers and vanishes!
Deactivating autopickup; reactivate with Ctrl-A.
Something hits you.
You die...

#.# #.# ##.#
#..# ## ##.##
.. #..# ##
....... #.##
....... #.#
....... #@#
...K... ##{# #.
..@.. #.K# ..
#... #.## .#
#..###.# .#
#...##†# . .#
#.....†## # .
#.##.#..#######
# ##. ###
###.†......#


You could see a kobold.

Vanquished Creatures
  4 adders (D:2)
  A ribbon worm (D:2)
  A dart slug (D:1)
  A bat (D:1)
  5 endoplasms
  5 giant cockroaches
  3 goblins
  3 hobgoblins
  4 jackals (D:1)
  3 kobolds (D:1)
  2 quokkas (D:1)
  A ball python (D:1)
  8 frilled lizards
  6 rats
47 creatures vanquished.

Notes
Turn   | Place    | Note
-------+----------+-------------------------------------------
     0 | D:1      | Peloso the Minotaur Fighter began the quest for the Orb.
     0 | D:1      | Reached XP level 1. HP: 19/19 MP: 0/0
   184 | D:1      | Reached XP level 2. HP: 27/27 MP: 1/1
   502 | D:1      | Reached XP level 3. HP: 28/33 MP: 2/2
  1062 | D:2      | Reached XP level 4. HP: 40/40 MP: 3/3
  1100 | D:2      | Found a faded altar of an unknown god.
  1185 | D:2      | Noticed Sigmund
  1225 | D:2      | HP: 2/40 [Sigmund/puff of flame (12)]
  1228 | D:2      | Slain by Sigmund

Illustrated notes

Levels and vault maps discovered:
D:1:      psy_arrival_dodecagon, layout_rooms, minmay_misc_feat_iff,
          minmay_misc_feat_tiny, corexii_corridor_pit, roderic_lattice_a,
          minmay_close_crescents
D:2:      layout_rooms, shapermc_ecumenical_altar_starsandcircs,
          minmay_lizard_king, uniq_sigmund

Skill      XL: |  1  2  3 |
---------------+----------+-----
Fighting       | 4 |  4.2
Shields        | 4 |  4.1
Armour         | 4 |  4.7
Long Blades    | 3 |  3.4
Dodging        | |  0.6

Action                     |  1- 3 |  4- 6 || total
---------------------------+-------+-------++-------
  Melee: Long sword        |    66 |    27 ||    93
         Headbutt          |    14 |     3 ||    17
    Use: Potion            |       |     1 ||     1
 Armour: Scale mail        |    62 |       ||    62
         Chain mail        |     7 |    19 ||    26
  Dodge: Dodged            |    55 |    19 ||    74
  Block: Buckler           |    23 |     7 ||    30
